 Dungeon Crawl Stone Soup version 0.23.2-40-g277498a001 (webtiles) character file.

Game seed: 14250409038397263587

70 MalarOregon the Sneak (level 4, -2/32 HPs)
             Began as a Merfolk Enchanter on Aug 24, 2019.
             Slain by Jessica (4 damage)
             ... on level 2 of the Dungeon.
             The game lasted 00:09:23 (2401 turns).

MalarOregon the Sneak (Merfolk Enchanter)           Turns: 2401, Time: 00:09:24

Health: -2/32      AC:  2    Str:  8    XL:     4   Next: 22%
Magic:  1/7        EV: 17    Int: 15    God:
Gold:   81         SH:  0    Dex: 14    Spells: 1/7 levels left

rFire    . . .     SeeInvis .   a - +1 dagger
rCold    . . .     Gourm    .   (no shield)
rNeg     . . .     Faith    .   b - +0 robe
rPois    .         Spirit   .   (no helmet)
rElec    .         Reflect  .   (no cloak)
rCorr    .         Harm     .   (no gloves)
MR       .....                  (boots currently unavailable)
Stlth    +++.......             (no amulet)
HPRegen  0.10/turn              (no ring)
MPRegen  0.10/turn              (no ring)

@: very slightly contaminated, very quick
A: change form in water, swift swim, stealthy swim
a: no special abilities


You were on level 2 of the Dungeon.
You were not hungry.

You visited 1 branch of the dungeon, and saw 2 of its levels.

You collected 81 gold pieces.

Inventory:

Hand Weapons
 a - a +1 dagger (weapon)
Armour
 b - a +0 robe (worn)
Scrolls
 d - a scroll of identify {unknown}
 g - a scroll of immolation {unknown}
 i - a scroll of random uselessness {unknown}
 j - a scroll of enchant weapon {unknown}
 l - 2 scrolls of amnesia {unknown}
 n - a scroll of teleportation {unknown}
Potions
 c - 2 potions of heal wounds {@q2}
 f - a potion of agility
 h - a potion of curing {unknown}
 k - a potion of mutation {unknown}
Comestibles
 e - 5 rations {!d}
 m - 2 chunks of flesh


   Skills:
 + Level 1.4 Fighting
 + Level 2.0 Short Blades
 + Level 3.5 Dodging
 + Level 3.7 Stealth
 + Level 2.4 Spellcasting
 + Level 3.4 Hexes


You had one spell level left.
You knew the following spells:

 Your Spells              Type           Power        Failure   Level  Hunger
a - Corona                Hex            ##.....      5%          1    #......
c - Confuse               Hex            ##......     16%         3    ###....
x - Ensorcelled Hibernat  Hex/Ice        #.....       16%         2    ###....

Your spell library contained the following spells:

 Spells                   Type           Power        Failure   Level  Hunger
 Tukima's Dance           Hex            ##......     16%         3    ###....
 Dazzling Spray           Conj/Hex       #.....       32%         3    ###....


Dungeon Overview and Level Annotations

Branches:
Dungeon (2/15)

Altars:

Annotations:
D:2 Jessica


Message History

Aim: an adder (water, chance to defeat MR: 47%)
The adder resists with some effort.
The adder barely misses you. The adder bites you.
You closely miss the adder.
You feel sick. The adder closely misses you.
You hit the adder. The adder completely misses you.
You closely miss the adder.
Your tail-slap misses the adder.
You feel sick. The adder misses you.
You hit the adder. The adder barely misses you.
You hit the adder. The adder bites you. The adder closely misses you.
You miss the adder.
You feel sick. The adder misses you.
You miss the adder. The adder barely misses you.
You hit the adder. The adder misses you.
You hit the adder.
You kill the adder!
You feel sick.
You start resting.
You feel sick. x4
You are no longer poisoned.
You start resting.
Some of the chunks of flesh in your inventory have rotted away.
Eating one of 3 chunks of flesh.
You eat one of the 3 chunks of flesh.
Jessica is too close now for your liking.
Here: Jessica, wearing a +0 robe (hasn't noticed you)
The floor.
Unknown command.
Jessica shouts!
You hit Jessica.
Aim: Jessica, wearing a +0 robe (lightly wounded, chance to defeat MR: 47%) Jessica resists with some effort.
Jessica closely misses you.
Aim: Jessica, wearing a +0 robe (lightly wounded, chance to defeat MR: 47%) Jessica resists with some effort.
Jessica misses you.
Aim: Jessica, wearing a +0 robe (lightly wounded, chance to defeat MR: 47%)
You miscast Ensorcelled Hibernation.
You are very lightly contaminated with residual magic.
Your hands glow momentarily.
Jessica hits you but does no damage.
You barely miss Jessica. Jessica barely misses you.
You hit Jessica but do no damage. Jessica gestures at you while chanting.
Pain shoots through your body!
* * * LOW HITPOINT WARNING * * *
You barely miss Jessica. Jessica completely misses you.
You hit Jessica but do no damage. You tail-slap Jessica.
Jessica mumbles some strange words.
Jessica blinks!
Jessica gestures at you while chanting. Pain shoots through your body!
* * * LOW HITPOINT WARNING * * *
Jessica very coldly says, "I hate your company."
Jessica hits you.
You die...

##....# ##. ######...### #.
#......#.#######.
#........##......
#.....#####.#..##
#############...######...###
#≈...≈≈≈≈..≈).####.....###.#
#≈...≈.....÷@≈####.....# #..
#≈≈≈≈≈≈≈≈≈≈@..#........# #.#
#..≈≈≈≈≈≈≈≈≈≈.#.##.....###.#
#..≈≈≈≈≈≈≈≈≈.≈..##...÷.....#
#.≈≈≈≈≈§≈≈≈≈..####.....#####
#≈≈≈≈≈♣_.≈≈≈≈.# #.....#
#≈≈≈≈≈..≈≈≈≈≈.####.....#
#.≈≈≈≈≈≈≈≈≈≈...........#
#..≈≈≈≈≈≈≈≈≈≈..#########
#.≈≈≈≈≈≈≈≈≈≈≈≈.#


You could see Jessica.

Vanquished Creatures
  2 adders (D:2)
  An ooze (D:1)
  A worm (D:2)
  2 dart slugs (D:1)
  A leopard gecko (D:1)
  6 bats
  A giant cockroach (D:1)
  6 goblins
  6 hobgoblins
  A ball python (D:1)
  7 frilled lizards
  4 kobolds
  4 rats
42 creatures vanquished.

Notes
Turn   | Place    | Note
-------+----------+-------------------------------------------
     0 | D:1      | MalarOregon the Merfolk Enchanter began the quest for the
                  | Orb.
     0 | D:1      | Reached XP level 1. HP: 13/13 MP: 3/3
   442 | D:1      | You fall through a shaft!
   753 | D:2      | Reached XP level 2. HP: 14/20 MP: 3/5
   761 | D:2      | Learned a level 2 spell: Ensorcelled Hibernation
  1078 | D:1      | Reached XP level 3. HP: 14/25 MP: 1/6
  1145 | D:1      | Reached skill level 1 in Fighting
  2161 | D:2      | Noticed Jessica
  2193 | D:2      | Found a faded altar of an unknown god.
  2196 | D:2      | Reached XP level 4. HP: 32/32 MP: 4/7
  2220 | D:2      | Learned a level 3 spell: Confuse
  2401 | D:2      | Slain by Jessica

Skill      XL: |  1  2  3 |
---------------+----------+-----
Dodging        | 3 |  3.5
Fighting       | 1 |  1.4
Short Blades   | 2 |  2.0
Stealth        | |  3.7
Spellcasting   | |  2.4
Hexes          | |  3.4

Action                   |  1- 3 |  4- 6 || total
-------------------------+-------+-------++-------
Melee: Dagger            |   114 |    23 ||   137
       Tailslap          |       |     1 ||     1
 Cast: Corona            |     5 |       ||     5
       Ensorcelled Hiber |    20 |     7 ||    27
  Use: Potion            |       |     1 ||     1
 Stab: Sleeping          |    18 |     2 ||    20
  Eat: Chunk             |     6 |     1 ||     7
Armor: Robe              |    28 |     2 ||    30
Dodge: Dodged            |    84 |    20 ||   104
